 Dungeon Crawl Stone Soup version 0.28-a0-1524-ge72afd5fc6 (webtiles) character file.

Game seed: 13921077439434435027

152 knot the Chopper (level 5, 50/61 HPs)
             Began as a Demonspawn Berserker on Jan 18, 2022.
             Was a Believer of Trog.
             Quit the game on level 3 of the Dungeon.
             The game lasted 00:03:50 (2876 turns).

knot the Chopper (Demonspawn Berserker)             Turns: 2876, Time: 00:03:51

Health: 50/61      AC:  5    Str: 18    XL:     5   Next: 11%
Magic:  5/5        EV: 11    Int: 10    God:    Trog [**....]
Gold:   140        SH:  0    Dex: 12    Spells: 4/4 levels left

rFire   . . .      SeeInvis .   a - +0 hand axe
rCold   . . .      Faith    +   (no shield)
rNeg    . . .      Spirit   .   p - +0 ring mail
rPois   .          Reflect  .   (helmet restricted)
rElec   .          Harm     .   (no cloak)
rCorr   .          Rampage  .   (no gloves)
Will    .....                   (no boots)
Stlth   ..........              j - amulet of faith
HPRegen 0.20/turn               (no ring)
MPRegen 0.09/turn               (no ring)

@: berserking (expiring), very quick
A: antennae 2, demonic guardian 1
a: Renounce Religion, Berserk, Trog's Hand


You were on level 3 of the Dungeon.
You worshipped Trog.
Trog was pleased with you.
You visited 1 branch of the dungeon, and saw 3 of its levels.

You collected 140 gold pieces.

Inventory:

Hand Weapons
 a - a +0 hand axe (weapon)
Missiles
 b - 2 boomerangs
 c - 39 stones
 k - 18 sling bullets
 l - 3 poisoned darts (quivered)
Armour
 p - a +0 ring mail (worn)
Jewellery
 j - an amulet of faith (around neck)
Scrolls
 d - a scroll of fear {unknown}
 e - a scroll of magic mapping {unknown}
 g - 2 scrolls of identify {unknown}
 i - a scroll of enchant weapon {unknown}
 m - a scroll of amnesia {unknown}
Potions
 f - 2 potions of berserk rage {unknown}
 h - a potion of mutation {unknown}
 n - a potion of lignification {unknown}
 o - a potion of flight {unknown}
 q - a potion of cancellation {unknown}
 r - a potion of curing {unknown}
 s - a potion of haste {unknown}


   Skills:
 - Level 3.0 Fighting
 * Level 4.7 Axes
 * Level 2.1 Throwing
 - Level 1.7 Armour
 - Level 1.7 Dodging


You had 4 spell levels left.
You didn't know any spells.
Your spell library contained the following spells:

 Spells                   Type           Power      Damage    Failure   Level
 Magic Dart               Conj           0%         1d3       54%         1
 Searing Ray              Conj           0%         2d4       69%         2
 Animate Armour           Summ/Erth      0%         N/A       100%        4
 Fulminant Prism          Conj/Hex       0%         3d6       100%        4
 Blade Hands              Tmut           0%         N/A       100%        5
 Iron Shot                Conj/Erth      0%         9d1       100%        6


Dungeon Overview and Level Annotations

Branches:
Dungeon (3/15)

Altars:


Innate Abilities, Weirdness & Mutations

You have a pair of antennae on your head.
A weak demonic guardian rushes to your aid.


Message History

You hit the orc.
The orc is almost dead.
The orc hits you with a +0 dagger.
A red film seems to cover your vision as you go berserk!
You feel yourself moving faster!
You feel mighty! The orc barely misses you.
You barely miss the orc.
The orc is almost dead.
You hit the orc.
You kill the orc!
Trog accepts your kill.
You barely miss the orc. The orc closely misses you.
You slash the orc!
You kill the orc!
Trog accepts your kill.
No target in view!
No target in view!
No target in view!
No target in view!
You miss something. Something hits you.
You miss something.
A frilled lizard comes into view.
Something hits you but does no damage.
You miss something. You hit something.
You hear some strange, mumbled words.
A puff of flame appears from out of thin air!
The puff of flame hits you but does no damage.
You slash something! Something hits you.
You miss something. Something hits you.
You miss something. You slash something! Trog accepts your kill.
Trog appreciates your killing of a magic user.
Reactivating autopickup.
You feel a bit more experienced.
Your Throwing skill increases to level 2!
You have reached level 5!
Your demonic ancestry asserts itself...
You feel the presence of a demonic guardian.
Are you sure you want to abandon this character and quit the game? (Confirm with "yes".)

..o . # ...# .. .... .......
.###..# .### .... . .........#.#
...#.# ..##.... .##...##....$#
#.#.#####......≈
.............#####..............≈
...................÷..[####.....≈
.^............#...[<............≈
.........>........[......##.....≈
......†.......l)@...............≈
.....$......((.).....###........≈
.........................#>####.≈
..............#.....###.....###.≈
#...........#.....#.####.........
##.##...##.............##......#.
#. ###^..................##...#.
# #^_...................#....
#^.........................


You could see a frilled lizard.

Vanquished Creatures
  An orc wizard (D:3)
  5 adders
  3 dart slugs (D:1)
  2 worms
  6 orcs (D:3)
  5 ball pythons
  4 endoplasms
  4 giant cockroaches (D:1)
  4 goblins
  3 hobgoblins
  4 jackals (D:1)
  4 quokkas
  7 bats
  5 frilled lizards
  4 kobolds
  5 rats
66 creatures vanquished.

Notes
Turn   | Place    | Note
-------+----------+-------------------------------------------
     0 | D:1      | knot the Demonspawn Berserker began the quest for the Orb.
     0 | D:1      | Reached XP level 1. HP: 18/18 MP: 1/1
    15 | D:1      | Reached skill level 3 in Axes
    21 | D:1      | Gained mutation: You have a pair of small antennae on your
                  | head. [demonic ancestry]
    21 | D:1      | Reached XP level 2. HP: 24/24 MP: 2/2
   608 | D:1      | Reached XP level 3. HP: 25/29 MP: 3/3
   932 | D:1      | Reached skill level 4 in Axes
   940 | D:1      | Reached ** piety under Trog
  2142 | D:3      | Gained mutation: You have a pair of antennae on your head.
                  | [demonic ancestry]
  2142 | D:3      | Reached XP level 4. HP: 35/35 MP: 4/4
  2143 | D:3      | Reached skill level 1 in Throwing
  2500 | D:3      | Found a faded altar of an unknown god.
  2876 | D:3      | Gained mutation: A weak demonic guardian rushes to your
                  | aid. [demonic ancestry]
  2876 | D:3      | Reached XP level 5. HP: 41/41 MP: 5/5
  2876 | D:3      | Quit the game

Illustrated notes

Levels and vault maps discovered:
D:1:      co_arrival_square_in_a_square_in_a_square, layout_rooms, st_stairs_12
D:2:      layout_basic
D:3:      layout_rooms, ebering_ecumenical_altar_webs, st_stairs_14,
          kennysheep_pointless_box, minmay_crystal_water

Skill      XL: |  1  2  3  4 |
---------------+-------------+-----
Axes           | 3 4 |  4.7
Throwing       | 2 |  2.1
Fighting       | |  3.0
Armour         | |  1.7
Dodging        | |  1.7

Action                   |  1- 3 |  4- 6 || total
-------------------------+-------+-------++-------
Melee: Hand axe          |   105 |    61 ||   166
       Punch             |     2 |       ||     2
Throw: Dart              |    10 |     6 ||    16
Invok: Berserk           |     5 |     5 ||    10
 Stab: Sleeping          |     1 |       ||     1
Armor: Animal skin       |    13 |       ||    13
       Ring mail         |    12 |    20 ||    32
Dodge: Dodged            |    71 |    35 ||   106

Table legend: (Time is in decaauts)
 A = Elapsed time spent in this place.
 B = Non-inter-level travel time spent in this place.
 C = Inter-level travel time spent in this place.
 D = Time resting spent in this place.
 E = Time spent auto-exploring this place.
 F = Levels seen in this place.
 G = Mean time per level.
                   A        B        C        D        E       F      G
               +--------+--------+--------+--------+--------+-----+--------+
         Total |   2968 |   2832 |    136 |   1209 |   1114 |   3 |  989.3 |
       Dungeon |   2968 |   2832 |    136 |   1209 |   1114 |   3 |  989.3 |
               +--------+--------+--------+--------+--------+-----+--------+

Top non-repeatable levels by time:
     D:2: 1495 daAuts
     D:1: 1191 daAuts
     D:3: 281 daAuts
